 Dungeon Crawl Stone Soup version 0.27.1 (webtiles) character file.

Game seed: 8554996966968761253

805 MacCMillion the Sneak (level 7, -3/51 HPs)
             Began as a Merfolk Ice Elementalist on Aug 22, 2021.
             Slain by an orc warrior (25 damage)
             ... on level 5 of the Dungeon.
             The game lasted 00:20:25 (6478 turns).

MacCMillion the Sneak (Merfolk Ice Elementalist)    Turns: 6478, Time: 00:20:26

Health: -3/51      AC:  3    Str:  9    XL:     7   Next: 91%
Magic:  4/11       EV: 13    Int: 15    God:
Gold:   113        SH:  0    Dex: 15    Spells: 5/12 levels left

rFire    . . .     SeeInvis .   q - +0 rapier
rCold    . . .     Faith    .   (no shield)
rNeg     . . .     Spirit   .   a - +0 robe
rPois    .         Reflect  .   n - +0 helmet
rElec    .         Harm     .   (no cloak)
rCorr    .         Rampage  .   (no gloves)
Will     .....                  (no boots)
Stlth    +++.......             (no amulet)
HPRegen  0.17/turn              h - ring of wizardry
MPRegen  0.12/turn              (no ring)

@: freezing walls
A: (nimble swimmer 2), mertail
a: no special abilities


You were on level 5 of the Dungeon.
You visited 1 branch of the dungeon, and saw 5 of its levels.
You also visited: Sewer.

You collected 183 gold pieces.
You spent 70 gold pieces at shops.

Inventory:

Hand Weapons
 b - a +0 dagger
 q - a +0 rapier (weapon)
Missiles
 x - a curare-tipped dart
 y - 33 poisoned darts
Armour
 a - a +0 robe (worn)
 k - a +0 leather armour
 n - a +0 helmet (worn)
Jewellery
 h - a ring of wizardry (left hand)
Scrolls
 c - a scroll of fog {unknown}
 d - a scroll of blinking
 e - 2 scrolls of teleportation
 g - a scroll of immolation {unknown}
 i - a scroll of vulnerability {unknown}
 j - a scroll of enchant armour {unknown}
 m - a scroll of silence {unknown}
 o - a scroll of brand weapon {unknown}
 p - a scroll of magic mapping {unknown}
 v - a scroll of fear {unknown}
 w - a scroll of summoning {unknown}
Potions
 f - 3 potions of haste
 l - 4 potions of curing
 r - 2 potions of heal wounds
 s - 3 potions of brilliance
 t - a potion of cancellation
 u - a potion of mutation
 z - a potion of attraction {unknown}


   Skills:
 * Level 2.7 Fighting
 + Level 3.6 Dodging
 - Level 7.0 Stealth
 - Level 3.0 Spellcasting
 - Level 7.0 Ice Magic


You had 5 spell levels left.
You knew the following spells:

 Your Spells              Type           Power      Damage    Failure   Level
a - Freeze                Ice            92%        1d10      1%          1
b - Frozen Ramparts       Ice            46%        1d6       1%          3
c - Ozocubu's Armour      Ice            23%        N/A       1%          3

Your spell library contained the following spells:

 Spells                   Type           Power      Damage    Failure   Level
 Beastly Appendage        Tmut           4%         N/A       9%          1
 Wereblood                Tmut           2%         N/A       12%         2
 Hailstorm                Conj/Ice       12%        3d5       19%         4
 Spider Form              Tmut/Pois      1%         N/A       24%         3
 Cause Fear               Hex            1%         N/A       58%         4
 Dragon Form              Tmut           1%         N/A       100%        7
 Dragon's Call            Summ           1%         N/A       100%        9


Dungeon Overview and Level Annotations

Branches:
Dungeon (5/15)             Temple (0/1) D:5           Sewer (visited)

Altars:
Ashenzari
Cheibriados

Shops:
D:4 ?([=

Annotations:
D:5 Menkaure


Innate Abilities, Weirdness & Mutations

((You are quick and stealthy near water. (Stealth+, EV+, Speed+++)))
Your lower body shifts to a powerful aquatic tail in water.


Message History

An orc comes into view. It is wielding a +0 dagger.
Found 14 gold pieces.
The orc shouts!
An orc warrior comes into view. It is wielding a +0 dire flail.
You freeze the orc!
You kill the orc!
The orc warrior shouts!
You freeze the orc warrior!
The orc warrior is moderately wounded.
An orc priest comes into view. It is wielding a +0 whip.
Casting: Freeze (safe; 1% risk of failure)
Confirm with . or Enter, or press ? or * to list all spells.
Casting: Frozen Ramparts (safe; 1% risk of failure)
Press: ? - help, Dir - look around, f - activate The walls around you are covered in ice.
The orc priest shouts!
The wall freezes the orc warrior.
The orc warrior misses you.
The wall freezes the orc priest.
Aiming: Freeze (safe; 1% risk of failure)
Press: ? - help, Q - select action, (/) - cycle Shift-Dir - straight line, f - orc warrior
Aim: an orc warrior, wielding a +0 dire flail and wearing a +0 chain mail (moderately wounded)
You freeze the orc warrior.
The orc warrior is moderately wounded.
The wall freezes the orc warrior.
The orc warrior hits you with a +0 dire flail!
The wall freezes the orc priest!
The orc priest looks satisfied for a moment.
Aiming: Freeze (safe; 1% risk of failure)
Press: ? - help, Q - select action, (/) - cycle Shift-Dir - straight line, f/p - orc warrior
Aim: an orc warrior, wielding a +0 dire flail and wearing a +0 chain mail (heavily wounded)
You freeze the orc warrior.
The orc warrior is severely wounded.
The wall freezes the orc warrior.
The orc warrior hits you with a +0 dire flail!
The wall freezes the orc priest.
You hit the orc priest.
You kill the orc priest!
The wall freezes the orc warrior.
The orc warrior hits you with a +0 dire flail!!
You die...

.........
#........ ## #.#
.. #)# #. #)# ###
#. #.#$.. #.
#.#.###..
#.#.###.......#
#..o@.........#
.....8)8.8...###.#
####..⌠.⌠..#.#
#.8.>.8...#
#...⌠?⌠......
#...8.8.8...... .
#.##.......##### .
.# ######### ##.


You could see an orc warrior.

Vanquished Creatures
  A necrophage (D:4)
  An ogre (D:4)
  3 kobold brigands (Sewer)
  A killer bee (D:4)
  A hound (D:4)
  A bullfrog skeleton (D:5)
  2 orc priests
  An iguana (D:5)
  A hound zombie (D:4)
  A hound skeleton (D:4)
  10 adders
  An adder zombie (D:5)
  An adder skeleton (D:4)
  9 worms
  2 dart slugs
  12 orcs
  7 ball pythons
  4 endoplasms
  5 giant cockroaches
  9 goblins
  11 hobgoblins
  3 jackals (D:1)
  4 quokkas
  3 bats
  2 frilled lizards
  14 kobolds
  9 rats
119 creatures vanquished.

Vanquished Creatures (others)
  2 plants (D:1)
2 creatures vanquished.

Grand Total: 121 creatures vanquished

Notes
Turn   | Place    | Note
-------+----------+-------------------------------------------
     0 | D:1      | MacCMillion the Merfolk Ice Elementalist began the quest
                  | for the Orb.
     0 | D:1      | Reached XP level 1. HP: 13/13 MP: 3/3
   353 | D:1      | Reached XP level 2. HP: 19/19 MP: 3/5
   445 | D:1      | Found a faded altar of an unknown god.
   623 | D:1      | Reached skill level 5 in Ice Magic
  1101 | D:1      | Reached XP level 3. HP: 22/24 MP: 4/6
  1370 | D:2      | Learned a level 3 spell: Frozen Ramparts
  2155 | D:2      | Reached XP level 4. HP: 30/30 MP: 3/7
  2896 | D:3      | Reached XP level 5. HP: 29/35 MP: 5/8
  3040 | D:3      | Found a snail-covered altar of Cheibriados.
  3695 | D:4      | Found a broken altar of Ashenzari.
  3705 | D:4      | Found Humayxe's Armour Shop.
  3714 | D:4      | Found Ilokh's Jewellery Boutique.
  3822 | D:4      | Found a glowing drain.
  3848 | Sewer    | Entered a sewer
  4163 | Sewer    | Noticed a kobold brigand
  4164 | Sewer    | Noticed a kobold brigand
  4171 | Sewer    | Killed a kobold brigand
  4172 | Sewer    | Reached skill level 5 in Stealth
  4172 | Sewer    | Reached XP level 6. HP: 41/41 MP: 2/9
  5003 | D:4      | Learned a level 3 spell: Ozocubu's Armour
  5006 | D:4      | Noticed a necrophage
  5046 | D:4      | Reached XP level 7. HP: 4/46 MP: 0/11
  5563 | D:4      | Found Ebruz's Magic Scroll Boutique.
  5563 | D:4      | Found Gejugaos's Weapon Emporium.
  5585 | D:4      | Bought a scroll of identify for 20 gold pieces
  5588 | D:4      | Bought a scroll of identify for 20 gold pieces
  5588 | D:4      | Bought a scroll of teleportation for 30 gold pieces
  5858 | D:4      | Reached skill level 1 in Fighting
  6141 | D:5      | Entered Level 5 of the Dungeon
  6190 | D:5      | Noticed Menkaure
  6465 | D:5      | Found a staircase to the Ecumenical Temple.
  6478 | D:5      | Slain by an orc warrior

Illustrated notes

Levels and vault maps discovered:
D:1:      sevenhm_arrival_forest_fort_small_1, layout_basic,
          ebering_ecumenical_altar_webs, serial_forest,
          infiniplex_forest_clump_double, infiniplex_forest_join,
          infiniplex_forest_clump_medium, infiniplex_forest_clump_cross,
          infiniplex_forest_straight_5, item_on_display_a
D:2:      layout_basic
D:3:      layout_basic, mainiacjoe_overflow_tiny_flanked
D:4:      minmay_clustersquares, layout_rooms, ashenzari_conservatory_becter,
          serial_shops, nicolae_shop_temple_entry_statues_fountains,
          nicolae_shop_temple_entry_statues_fountains, shop, shop, serial_glass,
          glass_columns_a, glass_columns_b, gup_sewer_entry_glass
D:5:      layout_loops_corners, mainiacjoe_overflow_small_starburst,
          zin_scriptorium, minmay_temple_entry_statues_fountains, uniq_menkaure

Skill      XL: |  1  2  3  4  5  6  7 |
---------------+----------------------+-----
Ice Magic      | 5 6 7 |  7.0
Stealth        | 3 5 6 7 |  7.0
Spellcasting   | 3 |  3.0
Fighting       | 2 |  2.7
Dodging        | 3 |  3.6

Action                   |  1- 3 |  4- 6 |  7- 9 || total
-------------------------+-------+-------+-------++-------
Melee: Dagger            |    18 |     8 |       ||    26
       Rapier            |       |    22 |    50 ||    72
 Cast: Freeze            |    63 |    68 |    12 ||   143
       Frozen Ramparts   |       |    12 |     6 ||    18
       Ozocubu's Armour  |       |     2 |     6 ||     8
  Use: Scroll            |       |     1 |     5 ||     6
       Potion            |       |       |     1 ||     1
 Stab: Sleeping          |     6 |     4 |     1 ||    11
Armor: Robe              |    11 |     6 |    14 ||    31
Dodge: Dodged            |    40 |    38 |    43 ||   121
